 Dungeon Crawl Stone Soup version 0.31-a0-960-g0fca184906 (webtiles) character file.

Game seed: 5985831988635214076

17598 Wizardman01 the Basher (level 12, -4/120 HPs)
             Began as a Naga Berserker on Oct 23, 2023.
             Was an Elder of Trog.
             Slain by a boulder beetle (27 damage)
             ... on level 2 of the Lair of Beasts.
             The game lasted 00:32:09 (11806 turns).

Wizardman01 the Basher (Naga Berserker)            Turns: 11806, Time: 00:32:10

Health: -4/120     AC: 29    Str: 24    XL:     12   Next: 49%
Magic:  12/12      EV: 11    Int: 11    God:    Trog [****..]
Gold:   522        SH: 10    Dex: 14    Spells: 11/11 levels left

rFire   . . .        l - +2 mace (protect)
rCold   . . .        e - +1 buckler
rNeg    . . .        i - +7 chain mail "Momoolef" {Int+4 Dex+2}
rPois   +            (no helmet)
rElec   .            E - +2 cloak
rCorr   .            (no gloves)
SInv    +            (no barding)
Will    +....        t - amulet of reflection Stlth
                     j - +4 ring of protection
HPRegen 0.40/turn    d - +5 ring of evasion
MPRegen 0.13/turn

%: reflection
@: under a protective aura, on berserk cooldown, slowed, very slow
A: AC +4, large, see invisible, deformed body, poison resistance, slowness 2,
spit poison 1, naga tail 1
a: Spit Poison, Renounce Religion, Berserk, Trog's Hand, Brothers in Arms


You were on level 2 of the Lair of Beasts.
You worshipped Trog.
Trog was greatly pleased with you.
You visited 3 branches of the dungeon, and saw 14 of its levels.

You collected 522 gold pieces.

Inventory:

Hand Weapons
 a - a +0 hand axe
 l - a +2 mace of protection (weapon)
Armour
 e - a +1 buckler (worn)
 i - the +7 chain mail "Momoolef" (worn) {Int+4 Dex+2}
   (You found it on level 2 of the Dungeon)

   Int+4:     It affects your intelligence (+4).
   Dex+2:     It affects your dexterity (+2).
 E - a +2 cloak (worn)
Jewellery
 b - a ring of protection from cold
 d - a +5 ring of evasion (right hand)
 j - a +4 ring of protection (left hand)
 p - a ring of flight
 t - an amulet of reflection (around neck)
Wands
 q - a wand of paralysis (8)
 s - a wand of flame (5)
Scrolls
 f - a scroll of fog
 h - 2 scrolls of silence {unknown}
 k - 4 scrolls of teleportation
 n - 2 scrolls of amnesia
 x - a scroll of immolation {unknown}
 y - a scroll of revelation {unknown}
 C - 2 scrolls of blinking
Potions
 c - 8 potions of curing
 g - a potion of heal wounds
 m - a potion of degeneration {unknown}
 o - 2 potions of ambrosia
 u - a potion of brilliance
 z - a potion of resistance {unknown}
 A - a potion of cancellation
 F - a potion of invisibility {unknown}


   Skills:
 + Level 11.2 Fighting
 - Level 8.7(12.8) Axes
 + Level 14.7(15.6) Maces & Flails
 - Level 1.5 Armour
 - Level 1.5 Dodging
 + Level 4.0 Stealth


You had 11 spell levels left.
You didn't know any spells.
Your spell library contained the following spells:

 Spells                   Type           Power      Damage    Failure   Level
 Ignite Poison            Fire/Tmut/Pois 0%         N/A       100%        3
 Sticky Flame             Conj/Fire      0%         2d3       100%        4
 Ignition                 Fire           0%         3d3       100%        8


Dungeon Overview and Level Annotations

Branches:
Dungeon (11/15)            Temple (1/1) D:4            Lair (2/5) D:11
  Swamp: Lair:2-3    Shoals: Lair:2-3     Snake: Lair:2-3    Spider: Lair:2-3
    Orc: D:9-12

Altars:
Ashenzari
Cheibriados
Dithmenos
Elyvilon
Fedhas
Gozag
Hepliaklqana
Kikubaaqudgha
Makhleb
Nemelex Xobeh
Okawaru
Qazlal
Ru
Sif Muna
Trog
Uskayaw
Vehumet
Wu Jian
Xom
Yredelemnul
Zin
The Shining One

Shops:
D:6 [

Annotations:
Lair:1 2 transporters, Tollund's ghost, journeyman FoEE


Innate Abilities, Weirdness & Mutations

Your serpentine skin is tough. (AC +4)
You have supernaturally acute eyesight. (SInv)
Armour fits poorly on your strangely shaped body.
Your system is resistant to poisons. (rPois)
You cover ground very slowly.
You can spit poison.
You have a snake-like lower body.


Message History

You hit the boulder beetle but do no damage.
The boulder beetle is lightly wounded.
The boulder beetle bites you but does no damage.
The blink frog misses you.
You sock the boulder beetle!
The boulder beetle is moderately wounded.
You block the boulder beetle's attack. The blink frog hits you.
The boulder beetle bites you but does no damage.
The blink frog hits you!
* * * LOW HITPOINT WARNING * * *
You hit the boulder beetle but do no damage.
The boulder beetle is moderately wounded.
The blink frog barely misses you. You block the boulder beetle's attack.
You hit the boulder beetle.
The boulder beetle is moderately wounded.
The blink frog hits you but does no damage.
The boulder beetle bites you but does no damage.
The blink frog closely misses you.
You hit the boulder beetle but do no damage.
The boulder beetle is moderately wounded.
You block the blink frog's attack. The boulder beetle bites you.
* * * LOW HITPOINT WARNING * * *
You hit the boulder beetle but do no damage.
The boulder beetle is moderately wounded.
The blink frog hits you.
* * * LOW HITPOINT WARNING * * *
The boulder beetle bites you but does no damage.
The blink frog hits you but does no damage.
You hit the boulder beetle but do no damage.
The boulder beetle is moderately wounded.
The blink frog hits you but does no damage.
The boulder beetle waves its antennae.
The boulder beetle bites you.
* * * LOW HITPOINT WARNING * * *
The blink frog hits you.
* * * LOW HITPOINT WARNING * * *
The boulder beetle curls into a ball and begins rolling!
The blink frog hits you but does no damage. x2
The boulder beetle hits you!!
You die...

....## .#. ###..
..## ...
.#..##..##.. .
..#......... ...
#........##
....#....##...#
....#..#○...#.## .
...#..FB....÷..#..
#....#@.÷÷.#...#
##..#..8.8.#.......
...
#.......#..#....
..+
#..†<...#....... .
#.......#.......
##.8.8.##..#....
#.....# .#....
.........
#..#......#


You could see a boulder beetle (rolling) and a blink frog.

Vanquished Creatures
  A two-headed ogre (D:10)
  Pikel (D:5)
  An oklob plant (D:11)
  A cyclops (D:10)
  A black mamba (Lair:1)
  9 centaur zombies (D:10)
  Maurice (D:9)
  A gargoyle (D:11)
  4 cane toads (Lair:1)
  Psyche (D:8)
  An unseen horror zombie (D:10)
  A komodo dragon (Lair:2)
  A polar bear (Lair:2)
  3 trolls (D:10)
  3 blink frogs (Lair:2)
  Prince Ribbit (D:7)
  Sigmund (D:4)
  5 shadows (D:10)
  4 vampires (D:10)
  3 wraiths (D:10)
  18 yaks
  A wyvern (D:8)
  2 vampire mosquitoes (D:10)
  An acid dragon (D:11)
  An ice beast (D:7)
  A black bear (D:8)
  2 sky beasts
  3 water moccasins
  4 orc warriors
  2 ogres (D:5)
  A wolf (Lair:1)
  3 centaurs
  A kobold brigand (D:9)
  8 bullfrogs
  A scorpion (D:6)
  5 killer bees (D:9)
  An electric eel (D:10)
  4 howler monkeys
  2 jellies (D:10)
  7 orc priests
  2 sleepcaps
  2 hounds
  A gnoll bouda (D:5)
  3 iguanas
  10 orc wizards
  The ghost of SirDiesAlot the Firebug, a weakling OpFE (D:4)
  A howler monkey zombie (D:10)
  7 adders
  11 gnolls
  2 white imps
  2 ufetubi (D:6)
  A worm (D:4)
  4 dart slugs
  35 orcs
  5 endoplasms
  9 goblins
  12 hobgoblins
  5 jackals
  10 kobolds
  5 quokkas
  6 ball pythons
  9 bats
  5 frilled lizards
  8 rats
  A spectral orc (D:6)
269 creatures vanquished.

Notes
Turn   | Place    | Note
-------+----------+-------------------------------------------
     0 | D:1      | Wizardman01 the Naga Berserker began the quest for the Orb.
     0 | D:1      | Reached XP level 1. HP: 21/21 MP: 1/1
   188 | D:1      | Reached XP level 2. HP: 4/28 MP: 2/2
   609 | D:1      | Reached XP level 3. HP: 34/34 MP: 3/3
   990 | D:2      | Reached ** piety under Trog
   994 | D:2      | Reached XP level 4. HP: 44/44 MP: 4/4
  1024 | D:2      | Identified the +7 chain mail "Momoolef" {Int+4 Dex+2}
  1107 | D:2      | Identified the +1 ring mail "Suotz" {Harm rElec Int-2
                  | Slay+4}
  1288 | D:2      | Found a bloodstained altar of Trog.
  1302 | D:2      | Reached XP level 5. HP: 50/50 MP: 5/5
  1503 | D:2      | Reached skill level 5 in Axes
  1877 | D:3      | Reached skill level 1 in Stealth
  1968 | D:3      | Found a shimmering blue altar of Sif Muna.
  2034 | D:3      | Reached *** piety under Trog
  2423 | D:4      | Found a staircase to the Ecumenical Temple.
  2431 | Temple   | Entered the Ecumenical Temple
  2459 | D:4      | Noticed Sigmund
  2467 | D:4      | Killed Sigmund
  2468 | D:4      | Reached XP level 6. HP: 57/57 MP: 6/6
  2913 | D:4      | Found a runed translucent door.
  2913 | D:4      | Noticed SirDiesAlot's ghost (weakling OpFE)
  2936 | D:4      | Killed SirDiesAlot's ghost
  2951 | D:4      | Found a runed translucent door.
  2968 | D:4      | Identified the +1 pair of boots of Gestures {Dex+5}
  3293 | D:5      | Entered Level 5 of the Dungeon
  3429 | D:5      | Found a radiant altar of Vehumet.
  3431 | D:5      | Noticed Pikel
  3458 | D:5      | Killed Pikel
  3459 | D:5      | Reached XP level 7. HP: 39/66 MP: 7/7
  3459 | D:5      | Reached XP level 8. HP: 43/73 MP: 8/8
  3893 | D:5      | Reached skill level 5 in Fighting
  3936 | D:5      | Reached skill level 1 in Maces & Flails
  4108 | D:5      | Reached skill level 2 in Maces & Flails
  4353 | D:5      | Reached skill level 3 in Maces & Flails
  4854 | D:6      | Reached skill level 4 in Maces & Flails
  4881 | D:6      | Reached XP level 9. HP: 75/82 MP: 9/9
  4929 | D:6      | Reached skill level 5 in Maces & Flails
  4960 | D:6      | Found Lang's Antique Armour Emporium.
  5377 | D:6      | Found a basalt altar of Yredelemnul.
  5446 | D:7      | Reached skill level 6 in Maces & Flails
  5497 | D:7      | Identified the +1 robe "Ebarphue" {rElec rC+}
  5558 | D:7      | Reached **** piety under Trog
  5661 | D:7      | Noticed Prince Ribbit
  5681 | D:7      | Killed Prince Ribbit
  5682 | D:7      | Reached skill level 7 in Maces & Flails
  5777 | D:7      | Found a snail-covered altar of Cheibriados.
  5778 | D:7      | Found an iron altar of Okawaru.
  6236 | D:7      | Found a sacrificial altar of Ru.
  6409 | D:8      | Found a blossoming altar of Fedhas.
  6482 | D:8      | Reached skill level 8 in Maces & Flails
  6538 | D:8      | Reached XP level 10. HP: 62/92 MP: 10/10
  6542 | D:8      | Reached skill level 9 in Maces & Flails
  6764 | D:8      | Noticed Psyche
  6774 | D:8      | Killed Psyche
  6877 | D:8      | Found a glowing golden altar of the Shining One.
  6895 | D:8      | Found an ancient bone altar of Kikubaaqudgha.
  7136 | D:9      | Reached skill level 10 in Maces & Flails
  7205 | D:9      | Noticed Maurice
  7206 | D:9      | Maurice stole an amulet of magic regeneration
  7212 | D:9      | Killed Maurice
  7745 | D:9      | Found a broken altar of Ashenzari.
  7857 | D:9      | Reached skill level 11 in Maces & Flails
  8343 | D:10     | Entered Level 10 of the Dungeon
  8386 | D:10     | Found an opulent altar of Gozag.
  8435 | D:10     | Reached XP level 11. HP: 52/104 MP: 11/11
  8703 | D:10     | Reached skill level 12 in Maces & Flails
  8791 | D:10     | Identified the +0 ring mail "Giecvup" {rF+ rCorr}
  9166 | D:10     | Noticed a two-headed ogre
  9176 | D:10     | Killed a two-headed ogre
  9177 | D:10     | Reached skill level 13 in Maces & Flails
  9197 | D:10     | Found a stormy altar of Qazlal.
  9330 | D:10     | Found a shimmering altar of Xom.
  9548 | D:10     | Reached skill level 10 in Fighting
  9791 | D:10     | Noticed a cyclops
  9817 | D:10     | Killed a cyclops
  9818 | D:10     | Reached XP level 12. HP: 113/116 MP: 12/12
 10222 | D:11     | Found a staircase to the Lair.
 10263 | D:11     | Reached skill level 14 in Maces & Flails
 10275 | Lair:1   | Entered Level 1 of the Lair of Beasts
 10422 | Lair:1   | Found a gate leading to a gauntlet.
 10535 | Lair:1   | Found a transporter.
 10537 | Lair:1   | Noticed Tollund's ghost (journeyman FoEE)
 10538 | Lair:1   | Noticed a four-headed hydra
 10539 | Lair:1   | Noticed a death yak
 10560 | Lair:1   | Found a transporter.
 11540 | Lair:2   | Noticed a boulder beetle
 11806 | Lair:2   | Slain by a boulder beetle

Illustrated notes

Levels and vault maps discovered:
D:1:      dpeg_arrival_boxorama, layout_basic, minmay_misc_feat_enclosed,
          minmay_door_square
D:2:      layout_rooms, basic_altar, minmay_goblin_kobold_house
D:3:      layout_basic, led_sif_pool
D:4:      layout_loops_corners, minmay_temple_entry_mist, ebering_ghost_sewer_f,
          uniq_sigmund
D:5:      layout_basic, nicolae_vehumet_radiance, serial_rivers,
          chequers_serial_rivers_micro_b, chequers_serial_rivers_large_b,
          chequers_serial_rivers_micro_a, chequers_serial_rivers_micro_c,
          chequers_serial_rivers_small_a, chequers_serial_rivers_small_b,
          minmay_misc_feat_square, uniq_pikel
D:6:      layout_rooms, yredelemnul_forgotten_temple_becter, serial_shops, shop
D:7:      layout_rooms, mainiacjoe_overflow_alcove_1,
          gammafunk_temple_overflow_pools, uniq_prince_ribbit1
D:8:      layout_cave_pools, mainiacjoe_overflow_small_starburst,
          nicolae_kikubaaqudgha_miasma_corner, fedhas_altar_3, uniq_psyche
D:9:      layout_loops_corners, ashenzari_altar_1, uniq_maurice
D:10:     layout_cave_pods, dk_xom_monty_hall, mainiacjoe_overflow_brackets,
          grunt_gozag_statues, serial_undead, serial_undead_f, serial_undead_b,
          serial_undead_f, serial_undead_f, serial_undead_c, serial_undead_c
D:11:     layout_long_grid, dpeg_oklobed_lair, gammafunk_ghost_cemetery,
          wad_floor_pattern_2
Temple:   dpeg_three_leaves_temple
Lair:1:   layout_cave_pods, gauntlet_entry_generic, gammafunk_ghost_arena,
          beast_lair_carwin_2, lemuel_fruit_fields
Lair:2:   layout_gridlike, nicolae_swamp_entry_spooky,
          infiniplex_staircase_pool, grunt_megastairs_2, serial_bayou_shore_a

Skill      XL: |  1  2  3  4  5  6  7  8  9 10 11 12 |
---------------+-------------------------------------+-----
Axes           | 4 6 8 |  8.7
Fighting       | 4 5 6 8 10 11 | 11.2
Stealth        | 1 2 3 4 |  4.0
Maces & Flails | 4 8 11 13 14 | 14.7
Armour         | |  1.5
Dodging        | |  1.5

Action                     |  1- 3 |  4- 6 |  7- 9 | 10-12 || total
---------------------------+-------+-------+-------+-------++-------
  Melee: Hand axe          |    89 |   199 |    42 |       ||   330
         Mace              |       |       |   338 |   820 ||  1158
 Invoke: Berserk           |     2 |     4 |     6 |    11 ||    23
  Evoke: Wand              |       |       |       |     4 ||     4
    Use: Scroll            |       |     7 |     3 |     8 ||    18
         Potion            |       |       |     1 |     2 ||     3
   Stab: Sleeping          |     1 |       |       |       ||     1
 Armour: Animal skin       |    24 |       |       |       ||    24
         Ring mail         |     8 |       |       |       ||     8
         Leather armour    |    29 |     1 |       |       ||    30
         Chain mail        |       |   130 |   419 |   784 ||  1333
  Dodge: Dodged            |    41 |    63 |   240 |   537 ||   881
  Block: Buckler           |    11 |    34 |   110 |   277 ||   432

Table legend: (Time is in decaauts)
 A = Elapsed time spent in this place.
 B = Non-inter-level travel time spent in this place.
 C = Inter-level travel time spent in this place.
 D = Time resting spent in this place.
 E = Time spent auto-exploring this place.
 F = Levels seen in this place.
 G = Mean time per level.
                   A        B        C        D        E       F      G
               +--------+--------+--------+--------+--------+-----+--------+
         Total |  14786 |  14786 |      0 |    410 |  10338 |  14 | 1056.1 |
       Dungeon |  12982 |  12982 |      0 |    214 |   9173 |  11 | 1180.2 |
        Temple |      1 |      1 |      0 |      0 |      0 |   1 |    1.0 |
          Lair |   1801 |   1801 |      0 |    196 |   1165 |   2 |  900.5 |
               +--------+--------+--------+--------+--------+-----+--------+

Top non-repeatable levels by time:
     D:5: 1940 daAuts
    D:10: 1908 daAuts
  Lair:1: 1706 daAuts
     D:9: 1584 daAuts
     D:4: 1259 daAuts
     D:1: 1224 daAuts
     D:7: 1165 daAuts
     D:3: 1161 daAuts
     D:8: 951 daAuts
     D:2: 771 daAuts
     D:6: 732 daAuts
    D:11: 284 daAuts
  Lair:2: 95 daAuts
  Temple: 1 daAuts
